 Dungeon Crawl Stone Soup version 0.31-a0-237-g2d982f9f85 (webtiles) character file.

Game seed: 11881826513578066696

75 Anon1729 the Trooper (level 4, -1/40 HPs)
             Began as a Minotaur Monk on July 11, 2023.
             Slain by an orc priest
             ... wielding a +0 dagger
              (2 damage)
             ... on level 3 of the Dungeon.
             The game lasted 00:00:58 (1949 turns).

Anon1729 the Trooper (Minotaur Monk)                Turns: 1949, Time: 00:00:59

Health: -1/40      AC:  2    Str: 16    XL:     4   Next: 11%
Magic:  3/3        EV: 13    Int:  7    God:
Gold:   86         SH:  0    Dex: 14    Spells: 3/3 levels left

rFire   + . .        a - +0 short sword
rCold   . . .        d - orb {light}
rNeg    . . .        b - +0 robe
rPois   .            (helmet restricted)
rElec   .            (no cloak)
rCorr   .            (no gloves)
SInv    .            (no boots)
Will    .....        (no amulet)
Stlth   +            i - ring of protection from fire
HPRegen 0.26/turn    (no ring)
MPRegen 0.08/turn

%: no passive effects
@: glowing
A: horns 2, retaliatory headbutt
a: no special abilities


You were on level 3 of the Dungeon.
You visited 1 branch of the dungeon, and saw 3 of its levels.

You collected 86 gold pieces.

Inventory:

Hand Weapons
 a - a +0 short sword (weapon)
Armour
 b - a +0 robe (worn)
 d - an orb of light (worn)
Jewellery
 i - a ring of protection from fire (left hand)
Scrolls
 e - 3 scrolls of identify {unknown}
 g - a scroll of enchant armour {unknown}
 h - 2 scrolls of teleportation {unknown}
 j - a scroll of noise {unknown}
 m - a scroll of immolation {unknown}
 n - a scroll of revelation {unknown}
 p - a scroll of fog {unknown}
Potions
 c - 2 potions of ambrosia
 f - a potion of enlightenment {unknown}
 k - a potion of haste {unknown}
 l - a potion of mutation {unknown}
 o - a potion of degeneration {unknown}


   Skills:
 + Level 4.2 Fighting
 + Level 3.7 Short Blades
 + Level 1.6 Armour
 + Level 3.8 Dodging
 + Level 1.0 Stealth
 + Level 1.1 Invocations


You had 3 spell levels left.
You didn't know any spells.
Your spell library contained the following spells:

 Spells                   Type           Power      Damage    Failure   Level
 Beastly Appendage        Tmut           0%         N/A       43%         1
 Wereblood                Tmut           0%         N/A       56%         2
 Spider Form              Tmut/Pois      0%         N/A       80%         3


Dungeon Overview and Level Annotations

Branches:
Dungeon (3/15)

Altars:


Innate Abilities, Weirdness & Mutations

You have a pair of horns on your head.
You reflexively headbutt those who attack you in melee.


Message History

The hobgoblin shouts!
Your headbutt misses the orc priest.
The orc priest is severely wounded.
The orc hits you with a +0 club.
The orc priest hits you with a +0 dagger.
You hit the orc priest.
The orc priest is almost dead.
The orc priest calls down the wrath of Beogh upon you.
Beogh smites you!
* * * LOW HITPOINT WARNING * * *
You are too injured to fight recklessly!
You are too injured to fight recklessly!
You are too injured to fight recklessly!
You are too injured to fight recklessly!
You are too injured to fight recklessly!
You are too injured to fight recklessly!
You are too injured to fight recklessly!
You are too injured to fight recklessly!
You are too injured to fight recklessly!
You are too injured to fight recklessly!
You are too injured to fight recklessly!
You are too injured to fight recklessly!
You are too injured to fight recklessly!
You are too injured to fight recklessly!
You barely miss the orc priest.
The orc priest is almost dead.
The orc barely misses you. The orc hits you with a +0 hand axe.
* * * LOW HITPOINT WARNING * * *
The orc priest hits you but does no damage.
A ball python comes into view.
You barely miss the orc priest.
The orc priest is almost dead.
The ball python hisses angrily.
You hear an angry hiss.
The orc hits you with a +0 club.
* * * LOW HITPOINT WARNING * * *
The orc hits you with a +0 whip.
* * * LOW HITPOINT WARNING * * *
The orc misses you.
The orc priest hits you with a +0 dagger.
You die...

#........###S
#...........
#..........#
..........#
......g..
#..J..#
#.ooo.#
#.o@o.#
#.....#
#.....#
#$....#######
#...........#
#.>|........+
#...........#
#...........#
#...........#


You could see an orc priest, 4 orcs, an endoplasm, a hobgoblin and a ball
python.

Vanquished Creatures
  2 adders (D:2)
  2 worms (D:2)
  4 dart slugs
  A bat (D:2)
  7 endoplasms
  5 goblins
  5 hobgoblins (D:1)
  3 kobolds
  3 ball pythons
  3 frilled lizards
  9 rats
44 creatures vanquished.

Notes
Turn   | Place    | Note
-------+----------+-------------------------------------------
     0 | D:1      | Anon1729 the Minotaur Monk began the quest for the Orb.
     0 | D:1      | Reached XP level 1. HP: 19/19 MP: 0/0
    40 | D:1      | Reached XP level 2. HP: 19/27 MP: 1/1
   360 | D:1      | Reached skill level 1 in Armour
   451 | D:1      | Reached XP level 3. HP: 31/33 MP: 2/2
   549 | D:1      | Reached skill level 4 in Fighting
  1415 | D:2      | Reached skill level 1 in Stealth
  1451 | D:2      | Reached skill level 1 in Invocations
  1522 | D:2      | Reached XP level 4. HP: 40/40 MP: 3/3
  1949 | D:3      | HP: 1/40 [orc/+0 whip (6)]
  1949 | D:3      | Slain by an orc priest

Illustrated notes

Levels and vault maps discovered:
D:1:      roderic_crop_circles_arrival_small, layout_rooms, serial_forest,
          infiniplex_forest_clump_long, infiniplex_forest_clump_cross,
          infiniplex_forest_lined_3, infiniplex_forest_clump_C,
          infiniplex_forest_lined_corner, infiniplex_forest_join,
          infiniplex_forest_corner_1, infiniplex_forest_end_2,
          infiniplex_forest_lined_4_way, infiniplex_forest_side_room,
          supply_closet_lemuel
D:2:      layout_loops_corners
D:3:      layout_basic, corner_web_ring, minmay_bisected, uniq_natasha,
          uniq_robin

Skill      XL: |  1  2  3 |
---------------+----------+-----
Armour         | 1 |  1.6
Fighting       | 4 |  4.2
Stealth        | 1 |  1.0
Invocations    | 1 |  1.1
Short Blades   | |  3.7
Dodging        | |  3.8

Action                     |  1- 3 |  4- 6 || total
---------------------------+-------+-------++-------
  Melee: Short sword       |   102 |    12 ||   114
         Headbutt          |    30 |     2 ||    32
 Armour: Robe              |     9 |     1 ||    10
  Dodge: Dodged            |    40 |     4 ||    44

Table legend: (Time is in decaauts)
 A = Elapsed time spent in this place.
 B = Non-inter-level travel time spent in this place.
 C = Inter-level travel time spent in this place.
 D = Time resting spent in this place.
 E = Time spent auto-exploring this place.
 F = Levels seen in this place.
 G = Mean time per level.
                   A        B        C        D        E       F      G
               +--------+--------+--------+--------+--------+-----+--------+
         Total |   1929 |   1869 |     60 |      0 |   1624 |   3 |  643.0 |
       Dungeon |   1929 |   1869 |     60 |      0 |   1624 |   3 |  643.0 |
               +--------+--------+--------+--------+--------+-----+--------+

Top non-repeatable levels by time:
     D:1: 956 daAuts
     D:2: 956 daAuts
     D:3: 17 daAuts
